 Dungeon Crawl Stone Soup version 0.29.1-1-gd02db6906a (webtiles) character file.

Game seed: 16985348669780402930

144 Icepheonix32 the Shooter (level 5, 0/39 HPs)
             Began as a Spriggan Hunter on Sept 18, 2022.
             Succumbed to a water moccasin's poison
             ... on level 4 of the Dungeon.
             The game lasted 00:02:50 (2738 turns).

Icepheonix32 the Shooter (Spriggan Hunter)          Turns: 2738, Time: 00:02:51

Health: 0/39       AC:  2    Str:  9    XL:     5   Next: 5%
Magic:  2/2        EV: 18    Int: 11    God:
Gold:   105        SH:  0    Dex: 20    Spells: 4/4 levels left

rFire   . . .      SeeInvis +   m - +4 dagger of Bodily Harmony {antimagic, *Rage Str+2 Stlth+}
rCold   . . .      Faith    .   (no shield)
rNeg    . . .      Spirit   .   c - +0 robe
rPois   .          Reflect  .   (helmet restricted)
rElec   .          Harm     .   (no cloak)
rCorr   .          Rampage  .   (gloves unavailable)
Will    .....      Rage     20% (boots unavailable)
Stlth   ..........              (no amulet)
HPRegen 0.13/turn               (no ring)
MPRegen 0.08/turn               (no ring)

@: berserking, lethally poisoned (0 -> -9), very quick
A: very small, no large weapons, unfitting armour, see invisible, speed 3
a: no special abilities


You were on level 4 of the Dungeon.
You visited 1 branch of the dungeon, and saw 4 of its levels.

You collected 105 gold pieces.

Inventory:

Hand Weapons
 a - a +0 shortbow
 f - a +3 dagger of venom
 m - the +4 dagger of Bodily Harmony (weapon) {antimagic, *Rage Str+2 Stlth+}
   (You found it on level 2 of the Dungeon)

   It reduces the magical energy of the wielder, and disrupts the spells and
   magical abilities of those it strikes.
   Natural abilities and divine invocations are not affected.
   Str:       It affects your strength (+2).
   *Rage:     It berserks you when you make melee attacks (+20% chance).
   Stlth:     It makes you more stealthy.
 t - the +6 mace of Uwoejibb {vorpal, rPois}
   (You found it on level 3 of the Dungeon)

   It inflicts extra damage upon your enemies.
   rPois:     It protects you from poison.
Missiles
 q - 5 silver boomerangs
Armour
 c - a +0 robe (worn)
Jewellery
 u - a ring of magical power
Scrolls
 b - 2 scrolls of immolation
 e - 2 scrolls of teleportation {unknown}
 h - 3 scrolls of identify {unknown}
 j - 6 scrolls of fog {unknown}
 l - a scroll of fear {unknown}
 n - a scroll of silence {unknown}
 o - a scroll of amnesia {unknown}
 p - 2 scrolls of torment {unknown}
 r - a scroll of poison {unknown}
 s - a scroll of noise {unknown}
Potions
 d - a potion of heal wounds {unknown}
 i - a potion of magic {unknown}
 k - a potion of cancellation {unknown}


   Skills:
 + Level 1.9 Fighting
 * Level 5.9 Ranged Weapons
 * Level 3.5 Dodging
 + Level 1.5 Stealth


You had 4 spell levels left.
You didn't know any spells.
Your spell library was empty.

Dungeon Overview and Level Annotations

Branches:
Dungeon (4/15)
 Temple: D:4-7

Altars:


Innate Abilities, Weirdness & Mutations

You are very small and have problems with some larger weapons.
You are too small for most types of armour.
You have supernaturally acute eyesight. (SInv)
You cover ground extremely quickly. (Speed+++)


Message History

You are too injured to fight recklessly!
You are too injured to fight recklessly!
Unknown command.
You feel stronger.
You feel magic leave you.
m - the +4 dagger of Bodily Harmony (weapon)
{antimagic, *Rage Str+2 Stlth+} The water moccasin bites you.
You miss the water moccasin.
The water moccasin is lightly wounded.
You feel sick. The water moccasin barely misses you.
A red film seems to cover your vision as you go berserk!
You feel yourself moving faster!
You feel mighty!
You barely miss the water moccasin.
The water moccasin is lightly wounded.
You feel sick. The water moccasin bites you.
* * * LOW HITPOINT WARNING * * *
You are lethally poisoned!
The water moccasin poisons you! The water moccasin closely misses you.
Unknown command.
You closely miss the water moccasin.
The water moccasin is lightly wounded.
* * * LOW HITPOINT WARNING * * *
You feel very sick. The water moccasin barely misses you.
You puncture the water moccasin!
The water moccasin is heavily wounded.
* * * LOW HITPOINT WARNING * * *
You feel sick.
You puncture the water moccasin!
The water moccasin is almost dead.
* * * LOW HITPOINT WARNING * * *
You feel sick.
The water moccasin completely misses you.
You miss the water moccasin.
The water moccasin is almost dead.
* * * LOW HITPOINT WARNING * * *
You feel sick. The water moccasin closely misses you.
You miss the water moccasin.
The water moccasin is almost dead.
You die...

.........# ###.......
.........# ####...######
.........######..).#######
................###......##
.#####..##########........#
#.....# #.....<....
#...###.## #..........
...## #..## #<......... ..
#. ##.@# #.......... # #..
##S######.......... ##...
#.#...##.........#
......##)..............)#
.............##..........
........................
..##.........^.........
.............#..
..............# .


You could see a water moccasin.

Vanquished Creatures
  A scorpion (D:4)
  2 adders (D:3)
  3 worms (D:3)
  A dart slug (D:3)
  5 orcs
  4 endoplasms
  3 giant cockroaches
  2 goblins
  5 hobgoblins
  4 kobolds
  2 quokkas
  5 ball pythons
  7 bats
  2 frilled lizards (D:1)
  2 rats (D:1)
48 creatures vanquished.

Notes
Turn   | Place    | Note
-------+----------+-------------------------------------------
     0 | D:1      | Icepheonix32 the Spriggan Hunter began the quest for the
                  | Orb.
     0 | D:1      | Reached XP level 1. HP: 10/10 MP: 2/2
   442 | D:1      | Reached XP level 2. HP: 14/14 MP: 3/3
  1145 | D:2      | Identified the +4 dagger of Bodily Harmony {antimagic,
                  | *Rage Str+2 Stlth+}
  1180 | D:2      | Reached XP level 3. HP: 18/18 MP: 4/4
  1662 | D:2      | Found a faded altar of an unknown god.
  2067 | D:3      | Identified the +6 mace of Uwoejibb {vorpal, rPois}
  2206 | D:3      | Reached skill level 5 in Ranged Weapons
  2331 | D:3      | Reached XP level 4. HP: 17/23 MP: 5/5
  2616 | D:4      | Noticed a scorpion
  2633 | D:4      | Killed a scorpion
  2634 | D:4      | Reached XP level 5. HP: 23/26 MP: 2/6
  2722 | D:4      | Noticed a water moccasin
  2738 | D:4      | Succumbed to a water moccasin's poison

Illustrated notes

Levels and vault maps discovered:
D:1:      lightli_iron_boxes, layout_loops_cross, moated_statue
D:2:      layout_basic, serial_forest, infiniplex_forest_lined_corner,
          infiniplex_forest_lined_2, infiniplex_forest_diagonal,
          infiniplex_forest_end_3, infiniplex_forest_lined_3,
          hellmonk_ecumenical_altar_defaced_shrine, minivault_14
D:3:      layout_rooms, kennysheep_generic_room_7
D:4:      layout_rooms, uniq_grinder, uniq_sigmund

Skill      XL: |  1  2  3 |
---------------+----------+-----
Dodging        | 3 |  3.5
Ranged Weapons | 5 |  5.9
Fighting       | |  1.9
Stealth        | |  1.5

Action                   |  1- 3 |  4- 6 || total
-------------------------+-------+-------++-------
Melee: Dagger            |     2 |    13 ||    15
 Fire: Shortbow          |   101 |    37 ||   138
  Use: Potion            |       |     2 ||     2
Armor: Robe              |     3 |       ||     3
Dodge: Dodged            |    25 |    26 ||    51
